 Dungeon Crawl Stone Soup version 0.27.1-33-g824d729ab1 (webtiles) character file.

Game seed: 11255945621181245939

13036 McKennaii the Destroyer (level 11, -4/74 HPs)
             Began as a Demigod Conjurer on Dec 6, 2021.
             Slain by a boulder beetle (44 damage)
             ... on level 11 of the Dungeon.
             The game lasted 00:21:56 (13911 turns).

McKennaii the Destroyer (Demigod Conjurer)         Turns: 13911, Time: 00:21:57

Health: -4/74      AC: 13    Str: 14    XL:     11   Next: 43%
Magic:  8/29       EV: 11    Int: 32    God:
Gold:   1012       SH:  0    Dex: 18    Spells: 20/30 levels left

rFire    . . .     SeeInvis .   E - +1 trident (flame)
rCold    . . .     Faith    .   (no shield)
rNeg     . . .     Spirit   .   K - +1 acid dragon scales of the Devil {rCorr Str+6}
rPois    .         Reflect  .   I - +0 helmet
rElec    .         Harm     .   u - scarf {repulsion}
rCorr    +         Rampage  .   (no gloves)
Will     +....                  L - +0 pair of boots
Stlth    ++........             (no amulet)
HPRegen  0.22/turn              e - +6 ring of dexterity
MPRegen  0.21/turn              G - +4 ring of protection

@: about to teleport, repel missiles
A: high mp 1, forlorn
a: no special abilities


You were on level 11 of the Dungeon.
You visited 1 branch of the dungeon, and saw 11 of its levels.
You also visited: Bailey.

You collected 1012 gold pieces.

Inventory:

Hand Weapons
 E - a +1 trident of flaming (weapon)
Armour
 u - a scarf of repulsion (worn)
 I - a +0 helmet (worn)
 K - the +1 acid dragon scales of the Devil (worn) {rCorr Str+6}
   (You found it on level 10 of the Dungeon)

   Str:       It affects your strength (+6).
   rCorr:     It protects you from acid and corrosion.
 L - a +0 pair of boots (worn)
Jewellery
 e - a +6 ring of dexterity (left hand)
 G - a +4 ring of protection (right hand)
Wands
 q - a wand of flame (18)
 w - a wand of charming (10)
 J - a wand of iceblast (7)
Scrolls
 a - a scroll of torment {unknown}
 g - a scroll of acquirement {unknown}
 j - 4 scrolls of teleportation
 k - 3 scrolls of enchant armour
 o - 3 scrolls of noise {unknown}
 p - 2 scrolls of fog {unknown}
 r - 6 scrolls of magic mapping {unknown}
 x - 3 scrolls of amnesia
 y - a scroll of enchant weapon {unknown}
 A - 3 scrolls of fear {unknown}
 B - a scroll of holy word {unknown}
 C - a scroll of vulnerability {unknown}
 D - 2 scrolls of blinking {unknown}
 H - 2 scrolls of identify
Potions
 b - a potion of brilliance {unknown}
 c - a potion of ambrosia {unknown}
 d - 5 potions of curing
 f - a potion of mutation
 h - 3 potions of might {unknown}
 i - 2 potions of haste
 l - a potion of heal wounds
 m - a potion of degeneration {unknown}
 n - 4 potions of flight {unknown}
 s - 2 potions of invisibility {unknown}
 t - a potion of attraction {unknown}
 v - a potion of lignification {unknown}
 F - 2 potions of resistance {unknown}


   Skills:
 - Level 1.7 Dodging
 - Level 1.7 Stealth
 - Level 10.0 Spellcasting
 - Level 12.0 Conjurations
 + Level 7.4 Earth Magic


You had 20 spell levels left.
You knew the following spells:

 Your Spells              Type           Power      Damage    Failure   Level
a - Magic Dart            Conj           100%       1d8       1%          1
b - Searing Ray           Conj           100%       3d7       1%          2
c - Iskenderun's Mystic   Conj/Tloc      53%        2d11      3%          4
d - Stone Arrow           Conj/Erth      100%       3d13      1%          3

Your spell library contained the following spells:

 Spells                   Type           Power      Damage    Failure   Level
 Dazzling Flash           Conj/Hex       100%       N/A       1%          3
 Fulminant Prism          Conj/Hex       26%        3d14      3%          4
 Animate Skeleton         Necr           32%        N/A       4%          1
 Pain                     Necr           64%        1d7       4%          1
 Animate Armour           Summ/Erth      78%        N/A       10%         4
 Leda's Liquefaction      Hex/Erth       19%        N/A       10%         4
 Call Canine Familiar     Summ           16%        N/A       13%         3
 Frozen Ramparts          Ice            32%        1d5       13%         3
 Gell's Gravitas          Tloc           8%         N/A       13%         3
 Ozocubu's Armour         Ice            16%        N/A       13%         3
 Portal Projectile        Hex/Tloc       32%        N/A       13%         3
 Teleport Other           Tloc           16%        N/A       13%         3
 Vampiric Draining        Necr           8%         2d7       13%         3
 Summon Ice Beast         Ice/Summ       16%        N/A       41%         4
 Lehudib's Crystal Spear  Conj/Erth      33%        10d9      99%         8
 Dispersal                Tloc           8%         N/A       100%        6


Dungeon Overview and Level Annotations

Branches:
Dungeon (11/15)            Temple (0/1) D:5            Lair (0/6) D:11
    Orc (0/2) D:10         Bailey (visited)

Portals:
Trove: D:11 (show abyssal rune of Zot)

Annotations:
D:11 exclusion: oklob plant


Innate Abilities, Weirdness & Mutations

Your attributes grow dramatically as you level up.
You have an increased reservoir of magic. (+10% MP)
You shall have no god before yourself.


Message History

Casting: Iskenderun's Mystic Blast (dangerous; 3% risk of failure)
Confirm with . or Enter, or press ? or * to list all spells.
You erupt in a blast of force!
The mystic blast hits the boulder beetle.
The boulder beetle is lightly wounded.
The boulder beetle is knocked back by the mystic blast.
Unknown command.
Casting: Iskenderun's Mystic Blast (dangerous; 3% risk of failure)
Confirm with . or Enter, or press ? or * to list all spells.
You erupt in a blast of force!
The mystic blast hits the boulder beetle.
The boulder beetle is lightly wounded.
The boulder beetle is knocked back by the mystic blast.
The boulder beetle slams into the rock wall!
Casting: Iskenderun's Mystic Blast (dangerous; 3% risk of failure)
Confirm with . or Enter, or press ? or * to list all spells.
You erupt in a blast of force!
The mystic blast hits the boulder beetle!
The boulder beetle is moderately wounded.
Unknown command.
Casting: Iskenderun's Mystic Blast (dangerous; 3% risk of failure)
Confirm with . or Enter, or press ? or * to list all spells.
You erupt in a blast of force!
The mystic blast hits the boulder beetle!
The boulder beetle is moderately wounded.
The boulder beetle is knocked back by the mystic blast.
Unknown command.
Casting: Iskenderun's Mystic Blast (dangerous; 3% risk of failure)
Confirm with . or Enter, or press ? or * to list all spells.
Aiming: Stone Arrow (safe; 1% risk of failure)
Press: ? - help, Shift-Dir - straight line, f/p - boulder beetle
Aim: a boulder beetle (moderately wounded, 100% to hit)
The stone arrow hits the boulder beetle!
The boulder beetle is heavily wounded.
The boulder beetle curls into a ball and begins rolling!
Unknown command.
As you read the scroll of teleportation, it crumbles to dust.
You feel strangely unstable. The boulder beetle hits you!!!
Ouch! That really hurt!
You die...

##############
#.○B.........#
#.##○#######.#
#.##.#######.# #
#.##....#....# ##
#.#####○#.####
.#########.# #B#.#
.#...........
#@#.#######
.#.###....B##.
#.#.##....# .#.#
..○##.##.#.##.##.#
##.# .
#....#....##.#
...#
############.#
######
#....#....##.###
......
#.##.#.##.##...#
......... ...
#.#.##......#
.......... ##
#.#.#####...#


You could see a boulder beetle (rolling).

Vanquished Creatures
  Harold (D:8)
  A death knight (D:11)
  A hydra (D:11)
  A phantasmal warrior (D:11)
  A centaur zombie (D:10)
  An unseen horror (D:11)
  2 kobold demonologists
  2 freezing wraiths (D:11)
  2 trolls (D:9)
  3 shadows
  17 yaks
  A wyvern (D:9)
  Grum (D:8)
  2 swamp worms (D:10)
  2 acid dragons
  3 water moccasins
  A black bear (D:4)
  5 orc warriors
  2 sky beasts
  An ice beast (D:6)
  4 ogres
  2 wolves (D:8)
  2 necrophages
  4 centaurs
  6 kobold brigands
  2 gnoll sergeants
  A bullfrog (D:6)
  2 scorpions
  A wyvern zombie (D:9)
  5 killer bees (D:9)
  10 wights
  7 howler monkeys
  A bullfrog zombie (D:7)
  9 hounds
  5 orc priests
  2 bullfrog skeletons
  2 centaur skeletons (D:5)
  2 gnoll shamans (D:7)
  An iguana (D:6)
  6 orc wizards
  A killer bee zombie (D:7)
  A hound skeleton (D:4)
  12 gnolls
  9 adders
  A howler monkey skeleton (D:7)
  An ufetubus (D:6)
  A worm (D:3)
  A dart slug (D:3)
  22 orcs
  6 bats
  5 endoplasms
  2 giant cockroaches
  12 goblins
  9 hobgoblins
  A quokka (D:4)
  3 ball pythons
  2 frilled lizards (D:1)
  31 kobolds
  5 rats
249 creatures vanquished.

Vanquished Creatures (others)
  A hobgoblin (D:3)
  11 fungi (D:4)
  35 plants
47 creatures vanquished.

Grand Total: 296 creatures vanquished

Notes
Turn   | Place    | Note
-------+----------+-------------------------------------------
     0 | D:1      | McKennaii the Demigod Conjurer began the quest for the Orb.
     0 | D:1      | Reached XP level 1. HP: 14/14 MP: 5/5
   749 | D:1      | Reached XP level 2. HP: 18/20 MP: 2/8
   936 | D:2      | Learned a level 2 spell: Searing Ray
  1405 | D:2      | Reached XP level 3. HP: 24/26 MP: 2/10
  2149 | D:3      | Reached XP level 4. HP: 33/33 MP: 8/12
  2204 | D:3      | Learned a level 4 spell: Iskenderun's Mystic Blast
  2683 | D:3      | Learned a level 3 spell: Stone Arrow
  2735 | D:4      | Noticed a sky beast
  2746 | D:4      | Killed a sky beast
  2747 | D:4      | Reached XP level 5. HP: 26/38 MP: 3/15
  3018 | D:4      | Reached skill level 5 in Spellcasting
  3285 | D:4      | Noticed an ogre
  3308 | D:4      | Killed an ogre
  3309 | D:4      | Reached XP level 6. HP: 44/45 MP: 6/17
  3376 | D:4      | Reached skill level 4 in Conjurations
  3589 | D:4      | Found the +3 warlock's mirror {reflect}
  3856 | D:5      | Entered Level 5 of the Dungeon
  3947 | D:5      | Found a staircase to the Ecumenical Temple.
  4142 | D:5      | Noticed a water moccasin
  4152 | D:5      | Killed a water moccasin
  4153 | D:5      | Reached skill level 5 in Conjurations
  4153 | D:5      | Reached XP level 7. HP: 41/50 MP: 7/19
  4693 | D:6      | Reached skill level 6 in Conjurations
  5023 | D:6      | Reached skill level 7 in Conjurations
  5060 | D:6      | Reached XP level 8. HP: 57/57 MP: 13/20
  5415 | D:6      | Reached skill level 8 in Conjurations
  6166 | D:7      | Reached skill level 9 in Conjurations
  7246 | D:7      | Reached skill level 10 in Conjurations
  7411 | D:7      | Reached skill level 1 in Earth Magic
  7525 | D:7      | Reached XP level 9. HP: 44/62 MP: 12/21
  8575 | D:9      | Reached skill level 5 in Earth Magic
  9185 | D:9      | Found a flagged portal.
  9223 | Bailey   | Entered a bailey
  9477 | Bailey   | Got the Almanac of Snow
  9502 | Bailey   | Reached XP level 10. HP: 68/69 MP: 8/25
 10692 | D:8      | Noticed Grum
 10695 | D:8      | Noticed Harold
 10793 | D:8      | Killed Harold
 10794 | D:8      | Reached skill level 10 in Spellcasting
 10933 | D:8      | Killed Grum
 11127 | D:10     | Entered Level 10 of the Dungeon
 11664 | D:10     | Found a staircase to the Orcish Mines.
 11942 | D:10     | Identified the +1 acid dragon scales of the Devil {rCorr
                  | Str+6}
 12071 | D:10     | Identified the +1 leather armour of a sewer {-Tele rC++
                  | Str+4}
 12153 | D:10     | Reached skill level 11 in Conjurations
 12153 | D:10     | Reached XP level 11. HP: 65/74 MP: 18/29
 12746 | D:11     | Noticed an eight-headed hydra
 12750 | D:11     | Killed an eight-headed hydra
 12902 | D:11     | Found a staircase to the Lair.
 13061 | D:11     | Found a portal to a secret trove of treasure.
 13084 | D:11     | Noticed a boulder beetle
 13104 | D:11     | Noticed a phantasmal warrior
 13125 | D:11     | Killed a phantasmal warrior
 13126 | D:11     | Reached skill level 12 in Conjurations
 13431 | D:11     | Noticed a death knight
 13456 | D:11     | Killed a death knight
 13911 | D:11     | Slain by a boulder beetle

Illustrated notes

Levels and vault maps discovered:
D:1:      ncdulo_wetmaze, layout_loops_ring, hellmonk_ecumenical_altar_blasted,
          minivault_27
D:2:      layout_basic
D:3:      layout_basic, mainiacjoe_overflow_boulevard, led_sif_pool,
          lemuel_old_faithful
D:4:      layout_rooms, serial_aquarium, aquarium_bridge_long_joined
          [aquarium_subvault_window, aquarium_subvault_bridge,
          aquarium_subvault_wall, aquarium_subvault_window,
          aquarium_subvault_wall, aquarium_subvault_window],
          aquarium_bridge_island_small [aquarium_subvault_small_water,
          aquarium_subvault_window, aquarium_subvault_window,
          aquarium_subvault_bridge, aquarium_subvault_window],
          aquarium_window_3, aquarium_window_1, aquarium_window_1,
          aquarium_window_fake, aquarium_view_2b, minmay_misc_feat_chi
D:5:      layout_loops_ring, mainiacjoe_overflow_alcove_2,
          nicolae_uskayaw_murder_on_the_dancefloor, temple_doors_cd,
          kennysheep_small_square
D:6:      layout_basic, lemuel_crystal_altar, mainiacjoe_overflow_paths,
          kennysheep_little_box
D:7:      kennysheep_housing_project, layout_cave_pools
D:8:      layout_basic, zin_scriptorium, nicolae_overflow_crystal_walls,
          cheibriados_altar_1, uniq_harold, uniq_grum
D:9:      layout_gridville, ashenzari_conservatory_becter, enter_bailey_2
D:10:     layout_stronghold, nemelex_diamond_rough_becter, tso_metal_star,
          minmay_orc_entry_temple_small, worms_lemuel
D:11:     layout_irregular_city, dpeg_oklobed_lair, serial_co_window_serial,
          co_window_paths_a, co_window_paths_a, co_window_paths_a,
          co_window_paths_a, co_window_corner_a, co_window_of_opportunity_a,
          co_window_paths_a, co_window_of_opportunity_c, co_window_2corner,
          co_window_unsneaky_path_b, co_window_4corner_a, co_window_4corner_b,
          glass_columns_b, glass_columns_a, gauntlet_entry_generic,
          enter_trove_1

Skill      XL: |  1  2  3  4  5  6  7  8  9 10 11 |
---------------+----------------------------------+-----
Spellcasting   | 2 3 4 5 6 7 10 | 10.0
Conjurations   | 5 7 10 11 12 | 12.0
Earth Magic    | 1 6 7 |  7.4
Dodging        | |  1.7
Stealth        | |  1.7

Action                   |  1- 3 |  4- 6 |  7- 9 | 10-12 || total
-------------------------+-------+-------+-------+-------++-------
Melee: Unarmed           |     9 |       |       |       ||     9
       Short sword       |       |       |     8 |       ||     8
       Trident           |       |       |       |     5 ||     5
 Cast: Magic Dart        |    93 |    76 |   192 |    76 ||   437
       Searing Ray       |     2 |     8 |    50 |    12 ||    72
       Stone Arrow       |       |       |    19 |    74 ||    93
       Iskenderun's Myst |       |       |     4 |    32 ||    36
  Use: Scroll            |       |       |     6 |     1 ||     7
       Potion            |       |       |     4 |       ||     4
Armor: Robe              |     2 |     2 |    11 |     7 ||    22
       Acid dragon scale |       |       |       |    10 ||    10
Dodge: Dodged            |    13 |    11 |    65 |    38 ||   127
       Repelled          |       |       |       |     1 ||     1
